 Dungeon Crawl Stone Soup version 0.28.0-1-gb440e238dd (webtiles) character file.

Game seed: 9629150648216336909

60 Peloso the Covered (level 3, -4/33 HPs)
             Began as a Minotaur Fighter on Feb 25, 2022.
             Killed by nerve-wracking pain
             ... invoked by an orc priest
              (12 damage)
             ... on level 2 of the Dungeon.
             The game lasted 00:01:35 (1230 turns).

Peloso the Covered (Minotaur Fighter)               Turns: 1230, Time: 00:01:37

Health: -4/33      AC:  7    Str: 20    XL:     3   Next: 82%
Magic:  2/2        EV:  9    Int:  5    God:
Gold:   104        SH:  4    Dex: 11    Spells: 2/2 levels left

rFire   . . .      SeeInvis .   a - +0 long sword
rCold   . . .      Faith    .   c - +0 buckler
rNeg    . . .      Spirit   .   b - +0 scale mail
rPois   .          Reflect  .   (helmet restricted)
rElec   .          Harm     .   (no cloak)
rCorr   .          Rampage  .   (no gloves)
Will    .....                   (no boots)
Stlth   ..........              (no amulet)
HPRegen 0.11/turn               (no ring)
MPRegen 0.08/turn               (no ring)

@: no status effects
A: horns 2, retaliatory headbutt
a: no special abilities


You were on level 2 of the Dungeon.
You visited 1 branch of the dungeon, and saw 2 of its levels.

You collected 104 gold pieces.

Inventory:

Hand Weapons
 a - a +0 long sword (weapon)
Armour
 b - a +0 scale mail (worn)
 c - a +0 buckler (worn)
Jewellery
 i - a +6 ring of intelligence
Scrolls
 h - a scroll of brand weapon
 j - a scroll of magic mapping
Potions
 d - a potion of might


   Skills:
 + Level 4.1 Fighting
 + Level 3.6 Long Blades
 + Level 4.4 Armour
 + Level 0.1 Dodging
 + Level 3.9 Shields


You had 2 spell levels left.
You didn't know any spells.
Your spell library was empty.

Dungeon Overview and Level Annotations

Branches:
Dungeon (2/15)

Altars:


Innate Abilities, Weirdness & Mutations

You have a pair of horns on your head.
You reflexively headbutt those who attack you in melee.


Message History

The orc is severely wounded.
The orc hits you with a +1 trident of freezing.
The orc freezes you.
You hit the orc.
You kill the orc!
The orc closely misses you.
You barely miss the orc. The orc barely misses you.
You hit the orc.
The orc is moderately wounded.
The orc hits you with a +0 whip.
You slash the orc!
You kill the orc!
The orc wizard points at you and mumbles some strange words.
The puff of flame hits you.
The orc wizard mumbles some strange words.
The orc wizard flickers and vanishes!
Deactivating autopickup; reactivate with Ctrl-A.
Items here: )) [ ††.
You miss something. Something hits you but does no damage.
You hit something. Something hits you.
You closely miss something. Your headbutt misses something. Something hits you.
Something hits you but does no damage.
You barely miss something. You block something's attack.
You barely miss something. Something hits you but does no damage.
You miss something. Something hits you.
You hit something. Your headbutt misses something. Something hits you.
The orc priest calls down the wrath of Beogh upon you.
Something writhes in agony!
Reactivating autopickup.
You feel a bit more experienced. The orc barely misses you.
The orc priest barely misses you.
Things that are here:
a +0 dagger; a +0 robe; an orc corpse You hit the orc.
The orc is lightly wounded.
The orc hits you with a +0 morningstar!
* * * LOW HITPOINT WARNING * * *
The orc priest calls down the wrath of Beogh upon you.
Pain shoots through your body!
You die...

##...####........#
.#...# #.#...####
.#...####.#......#
........#........#
......(.......##.#
.......>###...# ..
#.)..######...# ##
#....####.....##########
...............)@oK.....
#.#.........#####o......
#.########... ....###
#.# #### ###.# #.# # #.#
#.# #.# #


You could see an orc priest, an orc and a kobold.

Vanquished Creatures
  An adder (D:2)
  A worm (D:2)
  2 orcs (D:2)
  4 ball pythons (D:1)
  2 bats (D:1)
  2 endoplasms
  A giant cockroach (D:2)
  3 goblins (D:1)
  A hobgoblin (D:1)
  3 jackals (D:1)
  2 quokkas (D:1)
  A frilled lizard (D:1)
  2 kobolds (D:2)
  9 rats (D:1)
34 creatures vanquished.

Vanquished Creatures (others)
  An orc wizard (D:2)
1 creature vanquished.

Grand Total: 35 creatures vanquished

Notes
Turn   | Place    | Note
-------+----------+-------------------------------------------
     0 | D:1      | Peloso the Minotaur Fighter began the quest for the Orb.
     0 | D:1      | Reached XP level 1. HP: 19/19 MP: 0/0
   332 | D:1      | Reached XP level 2. HP: 27/27 MP: 1/1
  1175 | D:2      | Reached XP level 3. HP: 33/33 MP: 2/2
  1230 | D:2      | Killed from afar by an orc priest

Illustrated notes

Levels and vault maps discovered:
D:1:      dpeg_arrival_ratfight, layout_loops_corners
D:2:      layout_loops_ring, dreamdust_ecumenical_altar_angels_and_demons,
          serial_glass, glass_columns_c, glass_columns_a, item_on_display_a,
          uniq_jessica

Skill      XL: |  1  2  3 |
---------------+----------+-----
Armour         | 4 |  4.4
Fighting       | 4 |  4.1
Long Blades    | 3 |  3.6
Dodging        | |  0.1
Shields        | |  3.9

Action                   || total
-------------------------++-------
Melee: Long sword        ||    74
       Headbutt          ||     5
  Use: Scroll            ||     4
       Potion            ||     1
Armor: Scale mail        ||    29
Dodge: Dodged            ||    31
Block: Buckler           ||    15
